 Dungeon Crawl Stone Soup version 0.31.0-11-ge490571c62 (webtiles) character file.

Game seed: 9942244661079882276

60 qw the Shooter (level 3, -6/18 HPs)
             Began as a Spriggan Hunter on Feb 4, 2024.
             Mangled by an ogre
             ... wielding a +0 giant spiked club
              (24 damage)
             ... on level 3 of the Dungeon.
             The game lasted 00:00:04 (1463 turns).

qw the Shooter (Spriggan Hunter)                    Turns: 1463, Time: 00:00:05

Health: -6/18      AC:  2    Str:  7    XL:     3   Next: 80%
Magic:  4/4        EV: 19    Int: 10    God:
Gold:   100        SH:  0    Dex: 20    Spells: 2/2 levels left

rFire   . . .        a - +0 shortbow
rCold   + . .        (shield currently unavailable)
rNeg    . . .        c - +0 robe
rPois   .            (helmet restricted)
rElec   .            (no cloak)
rCorr   .            (gloves unavailable)
SInv    +            (boots unavailable)
Will    .....        (no amulet)
Stlth   ++           g - ring of protection from cold
HPRegen 0.23/turn    (no ring)
MPRegen 0.09/turn

%: no passive effects
@: very quick
A: very small, no large weapons, unfitting armour, see invisible, speed 3
a: no special abilities


You were on level 3 of the Dungeon.
You visited 1 branch of the dungeon, and saw 3 of its levels.

You collected 100 gold pieces.


Innate Abilities, Weirdness & Mutations

You are very small and have problems with some larger weapons.
You are too small for most types of armour.
You have supernaturally acute eyesight. (SInv)
You cover ground extremely quickly. (Speed+++)


   Skills:
 - Level 1.5 Fighting
 - Level 5.0 Ranged Weapons
 + Level 4.0 Dodging
 - Level 1.5 Stealth


You had 2 spell levels left.
You didn't know any spells.
Your spell library was empty.

Inventory:

Hand Weapons
 a - a +0 shortbow (weapon)
Armour
 c - a +0 robe (worn)
Jewellery
 e - a ring of ice
 g - a ring of protection from cold (left hand)
Scrolls
 f - 2 scrolls of teleportation
Potions
 h - 2 potions of curing
 j - a potion of heal wounds {unknown}

Dungeon Overview and Level Annotations

Branches:
Dungeon (3/15)

Altars:

Annotations:
D:1 1 runed translucent door


Message History

d - a potion of brilliance Done exploring.
1409 ||| READING scroll labelled MUNASU WEPNOD.
As you read the scroll labelled MUNASU WEPNOD, it dissolves into smoke.
It was a scroll of fog.
Done exploring.
1410 ||| DRINKING 3 smoky orange potions.
It was a potion of curing.
You feel better.
Done exploring.
1411 ||| DROPPING potion of brilliance.
You drop a potion of brilliance.
Done exploring.
What level of the Dungeon? (default 2, ? - help)
There is an open door here.
There is a stone staircase leading down here.
You climb downwards.
Found a trident.
Found a stone staircase leading down.
There is a stone staircase leading up here.
A frilled lizard is nearby!
Waypoint 2 assigned to D:3.
You shoot an arrow. The arrow hits the frilled lizard!
You kill the frilled lizard!
There is a stone staircase leading down here.
An ogre comes into view. It is wielding a +0 giant spiked club.
You shoot an arrow. The arrow hits the ogre.
The ogre shouts!
The ogre is lightly wounded.
You shoot an arrow. The arrow hits the ogre!
The ogre is heavily wounded.
You shoot an arrow. The arrow completely misses the ogre.
A rat comes into view.
You shoot an arrow. The arrow closely misses the ogre.
The rat squeaks loudly.
You hear an angry hiss.
You shoot an arrow. The arrow barely misses the rat.
You shoot an arrow.
The arrow hits the ogre but does no damage.
The ogre is heavily wounded.
The ogre hits you with a +0 giant spiked club!!
Ouch! That really hurt!
You die...

##%. ### )...
#.. #... #.# ...
#.# #..#.#
###..#.#
##......########
.......<>.......
##.....#@#######
#.....O........
###...#.#######
.....r#.#
####..... #.##..
.. ... .. ...#


You could see an ogre and a rat.

Vanquished Creatures
  An adder (D:2)
  2 dart slugs (D:2)
  2 ribbon worms (D:2)
  5 bats
  2 endoplasms (D:1)
  4 giant cockroaches
  4 goblins
  5 hobgoblins
  A quokka (D:1)
  A ball python (D:1)
  3 frilled lizards
  4 kobolds
  5 rats
39 creatures vanquished.

Notes
Turn   | Place    | Note
-------+----------+-------------------------------------------
     0 | D:1      | qw the Spriggan Hunter began the quest for the Orb.
     0 | D:1      | Reached XP level 1. HP: 10/10 MP: 2/2
     0 | D:1      | 0 ||| qw: Version: 0.3-a-160-g6735b56
     0 | D:1      | 0 ||| qw: Game counter: 5838
     0 | D:1      | 0 ||| qw: Melee chars always use a shield: true
     0 | D:1      | 0 ||| qw: God list: Okawaru
     0 | D:1      | 0 ||| qw: Allow faded altars: false
     0 | D:1      | 0 ||| qw: Do Orc after clearing Dungeon:15 true
     0 | D:1      | 0 ||| qw: Do second Lair branch before Depths: true
     0 | D:1      | 0 ||| qw: Lair rune preference: random
     0 | D:1      | 0 ||| qw: Goals: Normal
     0 | D:1      | 0 ||| PLANNING D:1-11
     2 | D:1      | Found a runed translucent door.
    75 | D:1      | Reached skill level 3 in Dodging
   164 | D:1      | Reached XP level 2. HP: 14/14 MP: 3/3
   608 | D:1      | 608 ||| UPGRADING to ring of protection from cold.
   609 | D:1      | 609 ||| READING scroll labelled EWNIMNUFY.
   614 | D:1      | 614 ||| READING scroll labelled BATAGHIATO.
   615 | D:1      | 615 ||| DROPPING scroll of butterflies.
   633 | D:2      | Reached XP level 3. HP: 18/18 MP: 4/4
  1280 | D:2      | Reached skill level 5 in Ranged Weapons
  1408 | D:2      | 1408 ||| READING scroll labelled HITZUD RYLAXE.
  1408 | D:2      | 1408 ||| IDENTIFYING fizzy amethyst potion
  1409 | D:2      | 1409 ||| READING scroll labelled MUNASU WEPNOD.
  1410 | D:2      | 1410 ||| DRINKING 3 smoky orange potions.
  1411 | D:2      | 1411 ||| DROPPING potion of brilliance.
  1457 | D:3      | Noticed an ogre
  1463 | D:3      | Mangled by an ogre

Levels and vault maps discovered:
D:1:      dpeg_arrival_caged_fury, layout_basic, glass_columns_b,
          dk_noncrumbling_2, minivault_19
D:2:      layout_loops_corners
D:3:      layout_basic, nicolae_uskayaw_murder_on_the_dancefloor, uniq_terence

Skill      XL: |  1  2  3 |
---------------+----------+-----
Dodging        | 3 4 |  4.0
Ranged Weapons | 5 |  5.0
Fighting       | |  1.5
Stealth        | |  1.5

Action                     || total
---------------------------++-------
   Fire: Shortbow          ||    95
    Use: Scroll            ||     4
         Potion            ||     1
 Armour: Robe              ||     5
  Dodge: Dodged            ||    24

Table legend:
 A = Non-vault XP
 B = Vault XP
 C = Vault XP percentage of total XP
 D = Non-vault monster count
 E = Vault monster count
 F = Vault count percentage of total count
                 A         B        C        D         E       F
            +---------+---------+-------+---------+---------+-------
      Total |      86 |       0 |   0.0 |      39 |       0 |   0.0
            +---------+---------+-------+---------+---------+-------
        D:1 |      35 |       0 |   0.0 |      22 |       0 |   0.0
        D:2 |      50 |       0 |   0.0 |      16 |       0 |   0.0
        D:3 |       1 |       0 |   0.0 |       1 |       0 |   0.0
            +---------+---------+-------+---------+---------+-------
